 Dungeon Crawl Stone Soup version 0.30.0 (webtiles) character file.

Game seed: 15400375130232132256

162 Firecrotchwizard the Chopper (level 5, -3/47 HPs)
             Began as a Minotaur Berserker on May 6, 2023.
             Was a Priest of Trog.
             Slain by an orc
             ... wielding a +0 flail
              (6 damage)
             ... on level 4 of the Dungeon.
             The game lasted 00:03:32 (2401 turns).

Firecrotchwizard the Chopper (Minotaur Berserker)   Turns: 2401, Time: 00:03:33

Health: -3/47      AC: 11    Str: 21    XL:     5   Next: 19%
Magic:  4/4        EV:  7    Int:  6    God:    Trog [***...]
Gold:   153        SH:  0    Dex: 10    Spells: 4/4 levels left

rFire   . . .        l - +0 dagger (venom)
rCold   . . .        (no shield)
rNeg    . . .        i - +0 plate armour
rPois   .            (helmet restricted)
rElec   .            (no cloak)
rCorr   .            (no gloves)
SInv    .            (no boots)
Will    .....        (no amulet) Stlth
                     (no ring)
HPRegen 0.27/turn    (no ring)
MPRegen 0.09/turn

%: no passive effects
@: no status effects
A: horns 2, retaliatory headbutt
a: Renounce Religion, Berserk, Trog's Hand


You were on level 4 of the Dungeon.
You worshipped Trog.
Trog was most pleased with you.
You visited 1 branch of the dungeon, and saw 4 of its levels.

You collected 153 gold pieces.

Inventory:

Hand Weapons
 a - a +0 hand axe
 l - a +0 dagger of venom (weapon)
Missiles
 g - 2 javelins (quivered)
Armour
 b - a +0 animal skin
 i - a +0 plate armour (worn)
Scrolls
 d - 3 scrolls of identify {unknown}
 e - 2 scrolls of teleportation {unknown}
 f - 4 scrolls of magic mapping {unknown}
 j - 2 scrolls of poison {unknown}
 m - a scroll of blinking {unknown}
 p - a scroll of noise {unknown}
 q - a scroll of silence {unknown}
 s - a scroll of fear {unknown}
Potions
 c - 3 potions of attraction {unknown}
 h - a potion of heal wounds {unknown}
 k - 2 potions of flight {unknown}
 n - 4 potions of curing {unknown}
 o - a potion of ambrosia {unknown}
 r - 2 potions of degeneration {unknown}


   Skills:
 + Level 4.5 Fighting
 * Level 5.3 Axes
 + Level 3.6 Armour
 + Level 3.2 Dodging


You had 4 spell levels left.
You didn't know any spells.
Your spell library was empty.

Dungeon Overview and Level Annotations

Branches:
Dungeon (4/15)
 Temple: D:4-7

Altars:
Dithmenos
Makhleb
Okawaru


Innate Abilities, Weirdness & Mutations

You have a pair of horns on your head.
You reflexively headbutt those who attack you in melee.


Message History

The jackal barely misses you.
The jackal bites you but does no damage.
The orc priest mumbles some strange prayers to Beogh against you.
Beogh smites you! The hobgoblin closely misses you.
You barely miss the jackal.
The jackal is heavily wounded.
You kill the jackal!
Trog accepts your kill.
The hobgoblin hits you but does no damage.
An orc comes into view. It is wielding a +0 hand axe.
You hit the orc but do no damage. The orc hits you with a +0 hand axe.
The orc priest invokes the aid of Beogh against you.
Beogh smites you!
* * * LOW HITPOINT WARNING * * *
The hobgoblin barely misses you.
You are too injured to fight recklessly!
You are too injured to fight recklessly!
You are too injured to fight recklessly!
You are too injured to fight recklessly!
You are too injured to fight recklessly!
You are too injured to fight recklessly!
You are too injured to fight recklessly!
You are too injured to fight recklessly!
You are too injured to fight recklessly!
You are too injured to fight recklessly!
You are too injured to fight recklessly!
You are too injured to fight recklessly!
You are too injured to fight recklessly!
You are too injured to fight recklessly!
You are too injured to fight recklessly!
You are too injured to fight recklessly!
You are too injured to fight recklessly!
You are too injured to fight recklessly!
Unknown command.
The orc attacks as you move away! The orc hits you but does no damage.
The orc priest invokes the aid of Beogh against you.
Beogh smites you!
* * * LOW HITPOINT WARNING * * *
The orc attacks as you move away! The orc hits you with a +0 flail.
You die...

. ######### #. #...#...# #..
#.......# ... #### #......##
###.. ##..####..#..# ###
.....o##....#....#.### #.##
.....[†.o..###..^....###..##
.....##
...#..<........#..##........
#...............#..##........
#. ##..........###.#....#....
.. #.........## #......#####
.###........# #.>.........
..##........# #.........##
...........####.###......#


You could see an orc priest, 4 orcs, an endoplasm and a hobgoblin.

Vanquished Creatures
  Robin (D:2)
  3 gnolls (D:2)
  2 adders (D:2)
  5 dart slugs
  2 orcs
  6 ball pythons
  6 endoplasms
  5 giant cockroaches
  14 goblins
  7 hobgoblins
  15 jackals
  2 quokkas (D:3)
  6 bats
  4 frilled lizards (D:2)
  A kobold (D:2)
  4 rats
83 creatures vanquished.

Notes
Turn   | Place    | Note
-------+----------+-------------------------------------------
     0 | D:1      | Firecrotchwizard the Minotaur Berserker began the quest for
                  | the Orb.
     0 | D:1      | Reached XP level 1. HP: 19/19 MP: 0/0
    72 | D:1      | Reached XP level 2. HP: 27/27 MP: 1/1
   111 | D:1      | Reached skill level 4 in Axes
   194 | D:1      | Reached ** piety under Trog
   254 | D:1      | Reached XP level 3. HP: 33/33 MP: 2/2
   736 | D:2      | Noticed Robin
   777 | D:2      | Killed Robin
   778 | D:2      | Reached XP level 4. HP: 32/40 MP: 3/3
   871 | D:2      | Reached skill level 5 in Axes
  1925 | D:3      | Reached XP level 5. HP: 47/47 MP: 4/4
  2289 | D:4      | Found a shadowy altar of Dithmenos.
  2293 | D:4      | Found an iron altar of Okawaru.
  2293 | D:4      | Found a burning altar of Makhleb.
  2323 | D:4      | Reached *** piety under Trog
  2401 | D:4      | Slain by an orc

Illustrated notes

Levels and vault maps discovered:
D:1:      mrwooster_arrival_statue, layout_rooms, minivault_26
D:2:      layout_basic, serial_rivers, chequers_serial_rivers_small_a,
          chequers_serial_rivers_small_3, chequers_serial_rivers_micro_b,
          chequers_serial_rivers_micro_a, chequers_serial_rivers_marsh,
          uniq_robin
D:3:      layout_rooms
D:4:      layout_cave_pools, gammafunk_temple_overflow_forgotten

Skill      XL: |  1  2  3  4 |
---------------+-------------+-----
Axes           | 4 5 |  5.3
Fighting       | 4 |  4.5
Armour         | 3 |  3.6
Dodging        | 3 |  3.2

Action                     |  1- 3 |  4- 6 || total
---------------------------+-------+-------++-------
  Melee: Hand axe          |    68 |    30 ||    98
         Headbutt          |     9 |    10 ||    19
         Punch             |     2 |       ||     2
         Dagger            |       |    64 ||    64
 Armour: Animal skin       |    11 |       ||    11
         Plate armour      |    18 |    85 ||   103
  Dodge: Dodged            |    46 |    61 ||   107
